 Dungeon Crawl Stone Soup version 0.19.1-1-g22dce08 (webtiles) character file.

1031 ponk the Covert (level 8, -7/50 HPs)
             Began as an Octopode Assassin on Jan 11, 2017.
             Killed by nerve-wracking pain
             ... invoked by Grinder
              (8 damage)
             ... on level 6 of the Dungeon.
             The game lasted 00:14:21 (4302 turns).

ponk the Covert (Octopode Assassin)                 Turns: 4302, Time: 00:14:22

Health: -7/50      AC:  1    Str: 10    XL:     8   Next: 23%
Magic:  8/8        EV: 13    Int: 13    God:
Gold:   270        SH:  0    Dex: 16    Spells: 0 memorised, 7 levels left

rFire  . . .     SeeInvis .     g - +2 dagger (drain)
rCold  . . .     Gourm    +     (no shield)
rNeg   . . .     Faith    .     (helmet restricted)
rPois  .         Spirit   .     u - amulet of the gourmand
rElec  .         Reflect  .     (no ring)
rCorr  .         Harm     .     (no ring)
MR     .....                    (no ring)
Stlth  +++++++...               (no ring)
                                (no ring)
                                (no ring)
                                (no ring)
                                (no ring)

@: about to teleport
A: almost no armour, stealthy swim, amphibious, 8 rings, constrict 8, camouflage
1, gelatinous body 1
a: no special abilities


You were on level 6 of the Dungeon.
You were completely stuffed.

You visited 1 branch of the dungeon, and saw 6 of its levels.

You collected 270 gold pieces.

Inventory:

Hand Weapons
 a - a +2 dagger
 b - a +0 blowgun
 g - a +2 dagger of draining (weapon)
 h - a +0 shortbow
 j - a +0 dagger of speed
Missiles
 c - 8 poisoned needles
 d - 2 curare-tipped needles
 v - 11 arrows
Jewellery
 u - an amulet of the gourmand (around mantle)
Wands
 l - a wand of polymorph (12/24)
 w - a wand of lightning (7/15)
Scrolls
 e - 2 scrolls of teleportation
 i - 3 scrolls of remove curse
 o - a scroll of fog {unknown}
 p - 2 scrolls of magic mapping
 q - 5 scrolls of identify
 r - a scroll of fear
 y - a scroll of enchant armour {unknown}
Potions
 m - 2 potions of magic
 n - 4 potions of mutation {unknown}
 s - a potion of cancellation {unknown}
 x - a potion of degeneration {unknown}
Comestibles
 f - 6 bread rations
 t - a meat ration
 z - 3 fruits


   Skills:
 - Level 2.0 Fighting
 - Level 2.0 Short Blades
 - Level 2.0 Throwing
 - Level 1.0 Dodging
 + Level 13.6 Stealth


You had 7 spell levels left.
You didn't know any spells.

Dungeon Overview and Level Annotations

Branches:
Dungeon (7/15)
 Temple: D:4-7

Altars:
Cheibriados
Fedhas
Sif Muna
Uskayaw
Vehumet

Annotations:
D:6 Grinder


Innate Abilities, Weirdness & Mutations

You cannot wear most types of armour.
You are very stealthy in the water. (Stealth+)
You are amphibious.
You can wear up to eight rings at the same time.
You can use your tentacles to constrict eight enemies at once.
Your skin changes colour to match your surroundings (Stealth+).
Your rubbery body absorbs attacks. (AC +1, EV +1)


Message History

Grinder gestures at you. Pain shoots through your body!
* * * LOW HITPOINT WARNING * * *
Grinder gestures at you. You resist with some effort.
Grinder blinks!
It was a potion of curing.
You feel better. Grinder gestures at you. You resist with some effort.
As you read the scroll of teleportation, it crumbles to dust.
You feel strangely unstable. Grinder gestures at you.
You struggle to resist.
Grinder hits you!
* * * LOW HITPOINT WARNING * * *
You writhe in agony.
* * * LOW HITPOINT WARNING * * *
Grinder gestures at you. Pain shoots through your body!
You die...

######## # #......#
# #.!....# #
#......# # #..@...#
# ##......#
#..5O#### #....#
#....#
########..(.#####.
#....#..##......<..
#.......#.........
#....#..#....ยง....


You could see Grinder and an ogre.

Vanquished Creatures
  Sigmund (D:4)
  2 black bears (D:6)
  An ogre (D:4)
  A centaur (D:7)
  Blork the orc (D:4)
  A bullfrog (D:6)
  A scorpion (D:6)
  2 crimson imps
  Crazy Yiuf (D:2)
  3 hounds
  Ijyb (D:2)
  4 gnolls
  3 adders
  A shadow imp (D:7)
  3 oozes
  3 worms
  A dart slug (D:1)
  A leopard gecko (D:3)
  5 bats
  8 giant cockroaches
  13 goblins
  6 hobgoblins
  7 jackals
  A quokka (D:4)
  A ball python (D:1)
  3 frilled lizards (D:2)
  2 kobolds (D:1)
  A quokka skeleton (D:4)
  5 rats
83 creatures vanquished.

Notes
Turn   | Place    | Note
-------+----------+-------------------------------------------
     0 | D:1      | ponk the Octopode Assassin began the quest for the Orb.
     0 | D:1      | Reached XP level 1. HP: 14/14 MP: 1/1
    96 | D:1      | Reached skill level 6 in Stealth
    96 | D:1      | Reached XP level 2. HP: 19/19 MP: 2/2
   277 | D:1      | Reached XP level 3. HP: 24/24 MP: 3/3
   867 | D:1      | Reached skill level 7 in Stealth
  1241 | D:2      | Found a runed door.
  1245 | D:2      | Noticed Crazy Yiuf
  1247 | D:2      | Killed Crazy Yiuf
  1247 | D:2      | Reached XP level 4. HP: 29/29 MP: 4/4
  1304 | D:2      | Found a blossoming altar of Fedhas.
  1312 | D:2      | Noticed Ijyb
  1338 | D:2      | Killed Ijyb
  1338 | D:2      | Reached skill level 8 in Stealth
  1782 | D:2      | Found a faded altar of an unknown god.
  1804 | D:2      | Reached XP level 5. HP: 27/34 MP: 5/5
  1961 | D:2      | Reached skill level 9 in Stealth
  2154 | D:3      | Found a radiant altar of Vehumet.
  2165 | D:3      | Found a hide-covered altar of Uskayaw.
  2167 | D:3      | Found a deep blue altar of Sif Muna.
  2167 | D:3      | Found a snail-covered altar of Cheibriados.
  2526 | D:3      | Reached XP level 6. HP: 26/39 MP: 6/6
  2531 | D:3      | Reached skill level 10 in Stealth
  3062 | D:4      | Noticed Blork the orc
  3067 | D:4      | Killed Blork the orc
  3251 | D:4      | Reached skill level 11 in Stealth
  3251 | D:4      | Reached XP level 7. HP: 45/45 MP: 7/7
  3267 | D:4      | Noticed Sigmund
  3365 | D:4      | Killed Sigmund
  3450 | D:4      | You fall through a shaft for 3 floors!
  3511 | D:7      | Reached skill level 12 in Stealth
  3995 | D:6      | Reached skill level 13 in Stealth
  3995 | D:6      | Reached XP level 8. HP: 19/50 MP: 8/8
  4279 | D:6      | Noticed Grinder
  4301 | D:6      | HP: 1/50 [Grinder (2)]
  4302 | D:6      | Killed from afar by Grinder

Skill      XL: |  1  2  3  4  5  6  7 |
---------------+----------------------+-----
Stealth        | 6 7 8 9 11 13 | 13.6
Fighting       | |  2.0
Short Blades   | |  2.0
Throwing       | |  2.0
Dodging        | |  1.0

Action                   |  1- 3 |  4- 6 |  7- 9 || total
-------------------------+-------+-------+-------++-------
Melee: Dagger            |    56 |   109 |    35 ||   200
       Constrict         |    15 |    17 |     7 ||    39
       Tentacles         |    13 |    13 |    10 ||    36
 Fire: Blowgun           |       |     3 |       ||     3
  Use: Scroll            |     4 |     7 |     1 ||    12
       Potion            |       |       |     2 ||     2
 Stab: Sleeping          |     9 |    10 |     4 ||    23
       Distracted        |     1 |     2 |       ||     3
  Eat: Chunk             |     1 |    15 |     4 ||    20
Armor: Skin              |     2 |     6 |     4 ||    12
Dodge: Dodged            |    29 |    57 |    31 ||   117
